AoeStats
← der adrige

Arena

509239113Analyzed
1v1 RM · 7d ago on Sep 26, 2026· 15m 48s· 2 players
Game mode
Random Map
Map size
Tiny (2 player)
Population
200
Speed
Normal
Resources
Standard
Victory
Conquest
Starting age
Dark Age
Ending age
Imperial Age
RankedLock teamsTeams togetherTeam positionsShared explorationLock speedFull tech treeHidden civsTurbo modeCheats
Victory
Defeat
🇺🇸 Spanish · United States
1038
+15
🇩🇪 Turks · Germany
1014
-15
der adrige
11:29 Feudal Age
13:03 Double-Bit Axe
13:30 Gold Mining
15:52 Castle Age
fingerless7597
9:59 Feudal Age
13:37 Castle Age
12:56 Loom
14:43 Wheelbarrow
Connection lost

Rejoining the realm…

Still unreachable

The connection could not be restored.

Session expired

The server has moved on; the page needs a fresh start.